 Dungeon Crawl Stone Soup version 0.18.1-5-g4a78601 (webtiles) character file.

3768 M4edhros the Covert (level 10, -8/99 HPs)
             Began as an Octopode Artificer on May 8, 2016.
             Was an Initiate of Zin.
             Mangled by a hellwing (10 damage)
             ... on level 1 of the Abyss on May 10, 2016.
             The game lasted 00:16:38 (8102 turns).

M4edhros the Covert (Octopode Artificer)            Turns: 8102, Time: 00:16:39

Health: -8/99      AC:  1    Str: 16    XL:     10   Next: 16%
Magic:  12/12      EV: 15    Int: 15    God:    Zin [......]
Gold:   82         SH:  5    Dex: 15    Spells: 0 memorised, 9 levels left

rFire  + . .     SeeInvis .     k - +2 hand axe (elec)
rCold  . . .     Gourm    .     j - +0 buckler
rNeg   . . .     Faith    .     (helmet restricted)
rPois  +         Spirit   .     y - amulet of dismissal
rElec  .         Dismiss  +     g - ring of poison resistance
rCorr  .         Reflect  .     n - ring of sustain attributes
SustAt +         Harm     .     (no ring)
MR     .....                    (no ring)
Stlth  ..........               (no ring)
                                (no ring)
                                (no ring)
                                (no ring)

@: berserking, very quick, not resistant to hostile enchantments, extremely
unstealthy
A: almost no armour, amphibious, 8 rings, constrict 8, camouflage 1, fire
resistance 1, screaming 1, slow regeneration 1, gelatinous body 1
a: Donate Gold, Renounce Religion


You were on level 1 of the Abyss.
You worshipped Zin.
Zin was noncommittal.
You were not hungry.

You visited 2 branches of the dungeon, and saw 9 of its levels.
You visited the Abyss 1 time.

You collected 291 gold pieces.
You spent 200 gold pieces at shops.
You donated 9 gold pieces to Zin.

Inventory:

Hand Weapons
 a - a +0 short sword
 i - a +1 hunting sling of flaming
 k - a +2 hand axe of electrocution (weapon)
 v - the +1 demon trident of Circularity {venom, Str+6, unknown}
   (You found it on level 1 of the Abyss)

   It poisons the flesh of those it strikes.
   It affects your strength (+6).
   Zin disapproves of the use of such an item.
Missiles
 t - 43 sling bullets
 w - 6 tomahawks of returning (quivered)
Armour
 j - a +0 buckler (worn)
Jewellery
 g - a ring of poison resistance (left tentacle)
 h - an uncursed ring of teleportation
 n - a ring of sustain attributes (right tentacle)
 y - an amulet of dismissal (around mantle)
Wands
 b - a wand of flame (4/48)
 c - a wand of enslavement (4/24)
Scrolls
 e - a scroll of enchant armour {unknown}
 l - a scroll of enchant weapon {unknown}
 o - a scroll of fear {unknown}
 p - 2 scrolls of recharging {unknown}
 q - a scroll of blinking {unknown}
 r - 4 scrolls of teleportation {unknown}
 s - 2 scrolls of fog {unknown}
 u - a scroll of vulnerability
 A - a scroll of magic mapping
 C - 3 scrolls of remove curse
Potions
 x - 2 potions of brilliance
Comestibles
 f - a bread ration
 m - 5 meat rations


   Skills:
 + Level 5.5 Fighting
 - Level 1.0 Short Blades
 + Level 5.9 Dodging
 - Level 13.5 Stealth
 + Level 5.4 Shields
 * Level 3.5 Invocations
 - Level 3.2 Evocations


You had 9 spell levels left.
You didn't know any spells.

Dungeon Overview and Level Annotations

Branches:
Dungeon (8/15)             Temple (1/1) D:7
   Lair: D:8-11

Altars:
Ashenzari
Cheibriados
Gozag
Kikubaaqudgha
Makhleb
Nemelex Xobeh
Okawaru
Pakellas
Qazlal
Ru
Sif Muna
Trog
Vehumet
Xom
Yredelemnul
Zin
The Shining One

Shops:
D:6 *

Annotations:
D:3 skk's ghost, amateur OpAs
D:8 Psyche


Innate Abilities, Weirdness & Mutations

You cannot wear most types of armour.
You are amphibious.
You can wear up to eight rings at the same time.
You can use your tentacles to constrict eight enemies at once.
Your skin changes colour to match your surroundings (Stealth).
Your rubbery body absorbs attacks (AC +1).
Your flesh is heat resistant.
You occasionally shout uncontrollably at your foes.
You regenerate slowly when monsters are visible.


Message History

Mmm...
Chicken.
Drink which item? (? for menu, Esc to quit)
A red film seems to cover your vision as you go berserk!
You feel yourself moving faster!
You feel mighty! The hellwing hits you! x2
* * * LOW HITPOINT WARNING * * *
You closely miss the hellwing. You squeeze the hellwing!
The hellwing is heavily wounded.
The hellwing hits you!
* * * LOW HITPOINT WARNING * * *
The hellwing misses you.
You hit the hellwing.
The hellwing is heavily wounded.
The hellwing hits you!
* * * LOW HITPOINT WARNING * * *
The hellwing hits you!
* * * LOW HITPOINT WARNING * * *
You closely miss the hellwing.
The hellwing is heavily wounded.
The hellwing hits you!
You die...

#. ## #. #. ## #
. #. . .. ###.##
#. . #.#.# # #
#.. #.# ######..
.# .# ..#.#.
#.##.#..# ##
##.##.#....#.##
#. #
.##.######.## #.
... ..##.....# #
#.#...##..#.##@#.
....# . #
.#.#....# #4# ..#
... .#. .# #.#.#
#.#.##.# ## # #
## ...# ..# ##
##.. # #.. ## .
.#.. #.# # . .
.#. . .


You could see a hellwing.

Vanquished Creatures
  A hill giant (D:7)
  The ghost of CrazyArbalest the Bolt Thrower, a novice MiHu (D:6)
  Joseph (D:7)
  A black mamba skeleton (Abyss:1)
  A hungry ghost (D:5)
  2 water moccasins (D:6)
  2 phantoms (D:7)
  6 ogres
  2 centaurs
  4 giant frogs
  A scorpion (D:4)
  4 howler monkeys
  3 crimson imps
  A giant frog zombie (D:6)
  2 orc priests
  4 hounds
  3 orc wizards
  Jessica (D:2)
  2 iguanas
  4 worker ants
  A hound zombie (D:3)
  6 adders
  5 gnolls
  A shadow imp (D:5)
  An ooze (D:1)
  An adder skeleton (D:4)
  An adder zombie (D:5)
  2 worms
  4 dart slugs
  3 giant geckos
  23 orcs
  2 bat zombies (D:1)
  5 giant cockroaches
  6 goblins
  11 hobgoblins
  6 jackals
  6 kobolds
  2 quokkas
  7 ball pythons
  4 bats
  2 giant gecko skeletons
  3 giant newts
  2 jackal skeletons
  3 rats
  A spectral orc (D:6)
154 creatures vanquished.

Vanquished Creatures (collateral kills)
  2 orc priests (D:8)
  An orc wizard (D:8)
  3 dart slugs (D:3)
  A rat (D:2)
7 creatures vanquished.

Vanquished Creatures (others)
  A gnoll (D:4)
  A hobgoblin (D:2)
2 creatures vanquished.

Grand Total: 163 creatures vanquished

Notes
Turn   | Place    | Note
--------------------------------------------------------------
     0 | D:1      | M4edhros the Octopode Artificer began the quest for the Orb.
     0 | D:1      | Reached XP level 1. HP: 13/13 MP: 3/3
    27 | D:1      | Reached skill level 2 in Stealth
    45 | D:1      | Reached skill level 3 in Stealth
    45 | D:1      | Reached XP level 2. HP: 17/18 MP: 4/4
   413 | D:1      | Reached skill level 4 in Stealth
   421 | D:1      | Reached XP level 3. HP: 23/23 MP: 5/5
   921 | D:2      | Reached skill level 5 in Stealth
  1079 | D:2      | Noticed Jessica
  1086 | D:2      | Killed Jessica
  1086 | D:2      | Reached XP level 4. HP: 22/28 MP: 6/6
  1102 | D:2      | Reached skill level 6 in Stealth
  1476 | D:3      | Noticed skk's ghost (amateur OpAs)
  1514 | D:3      | Found a bloodstained altar of Trog.
  1541 | D:3      | Reached skill level 7 in Stealth
  1541 | D:3      | Reached XP level 5. HP: 29/33 MP: 7/7
  1592 | D:3      | Found an iron altar of Okawaru.
  1592 | D:3      | Found a sparkling altar of Nemelex Xobeh.
  1631 | D:3      | Found a radiant altar of Vehumet.
  1826 | D:4      | Reached skill level 8 in Stealth
  1827 | D:4      | Reached XP level 6. HP: 18/38 MP: 8/8
  2038 | D:4      | Found a shattered altar of Ashenzari.
  2135 | D:4      | Gained mutation: You occasionally shout uncontrollably at your foes. [potion of mutation]
  2135 | D:4      | Gained mutation: You regenerate slowly when monsters are visible. [potion of mutation]
  2135 | D:4      | Gained mutation: Your flesh is heat resistant. [potion of mutation]
  2141 | D:4      | Reached skill level 9 in Stealth
  2238 | D:4      | Reached skill level 10 in Stealth
  2238 | D:4      | Reached XP level 7. HP: 18/43 MP: 9/9
  2677 | D:4      | Found an oddly glowing altar of Pakellas.
  3410 | D:5      | Entered Level 5 of the Dungeon
  3439 | D:5      | Noticed a hungry ghost
  3448 | D:5      | Reached skill level 11 in Stealth
  3458 | D:5      | Killed a hungry ghost
  3840 | D:5      | Reached skill level 12 in Stealth
  3956 | D:5      | Reached XP level 8. HP: 48/48 MP: 10/10
  4101 | D:5      | Reached skill level 13 in Stealth
  4784 | D:6      | Noticed CrazyArbalest's ghost (novice MiHu)
  5007 | D:6      | Found a stormy altar of Qazlal.
  5028 | D:6      | Reached skill level 1 in Shields
  5094 | D:6      | Killed CrazyArbalest's ghost
  5094 | D:6      | Reached XP level 9. HP: 25/55 MP: 11/11
  5327 | D:6      | Found a basalt altar of Yredelemnul.
  5412 | D:6      | Found Buekio's Serpentskin Sales.
  5424 | D:6      | Bought an uncursed ring of poison resistance for 200 gold pieces
  6069 | D:6      | Upgraded the game from 0.18.1-2-ga659475 to 0.18.1-5-g4a78601
  6579 | D:7      | Noticed a hill giant
  6720 | D:7      | Killed a hill giant
  6720 | D:7      | Reached skill level 5 in Dodging
  6920 | D:7      | Reached skill level 5 in Fighting
  6946 | D:7      | Found a staircase to the Ecumenical Temple.
  7010 | Temple   | Entered the Ecumenical Temple
  7040 | Temple   | Became a worshipper of Zin the Law-Giver
  7083 | D:7      | Reached skill level 5 in Shields
  7106 | D:7      | Noticed Joseph
  7133 | D:7      | Killed Joseph
  7133 | D:7      | Reached skill level 1 in Invocations
  7133 | D:7      | Reached XP level 10. HP: 37/66 MP: 12/12
  7142 | D:7      | Found an oddly glowing altar of Pakellas.
  7304 | D:8      | Found a sacrificial altar of Ru.
  7753 | D:8      | Noticed Psyche
  7761 | D:8      | Cast into level 1 of the Abyss (Psyche)
  7804 | Abyss:1  | Noticed a rakshasa
  7810 | Abyss:1  | Got an encrusted demon trident
  7977 | Abyss:1  | Noticed a starcursed mass
  8020 | Abyss:1  | Noticed a worldbinder
  8025 | Abyss:1  | Noticed a tentacled starspawn
  8101 | Abyss:1  | HP: 2/99 [hellwing (10)]
  8102 | Abyss:1  | Mangled by a hellwing

Skill      XL: |  1  2  3  4  5  6  7  8  9 10 |
---------------+-------------------------------+-----
Stealth        | 3 4 5 7 8 10 12 13 | 13.5
Shields        | 2 5 |  5.4
Fighting       | 2 5 |  5.5
Dodging        | 3 5 |  5.9
Invocations    | 1 3 |  3.5
Short Blades   | |  1.0
Evocations     | |  3.2

Action                   |  1- 3 |  4- 6 |  7- 9 | 10-12 || total
-------------------------+-------+-------+-------+-------++-------
Melee: Short sword       |    16 |       |       |       ||    16
       Tentacles         |    11 |    13 |    20 |    11 ||    55
       Constrict         |    10 |    24 |    26 |     7 ||    67
       Hand axe          |    38 |    70 |   160 |    41 ||   309
Evoke: Wand              |     1 |     6 |    48 |     7 ||    62
  Use: Potion            |       |     5 |     5 |     3 ||    13
       Scroll            |       |       |     7 |       ||     7
 Stab: Sleeping          |    16 |     9 |    13 |     6 ||    44
       Confused          |       |       |     9 |       ||     9
       Distracted        |       |       |     1 |       ||     1
  Eat: Chunk             |       |     4 |    17 |     2 ||    23
       Beef jerky        |       |       |     1 |       ||     1
       Pizza             |       |       |       |     1 ||     1
Armor: Skin              |     7 |     4 |     3 |     1 ||    15
Dodge: Dodged            |    40 |    55 |    71 |    33 ||   199
Block: Buckler           |       |       |    31 |    13 ||    44
